 Dungeon Sprint DCSS version 0.26-a0-660-gc07710193c (webtiles) character file.

Game seed: 7021219704329429614

12807 Conn the Eclecticist (level 11, -24/62 HPs)
             Began as a Deep Elf Fire Elementalist on Oct 8, 2020.
             Was the Champion of Sif Muna.
             Annihilated by a boulder beetle (38 damage)
             ... in the Dungeon (Sprint VII: "The Pits").
             The game lasted 00:39:46 (3694 turns).

Conn the Eclecticist (Deep Elf Fire Elementalist)   Turns: 3694, Time: 00:39:47

Health: -24/62     AC: 14    Str:  8    XL:     11   Next: 67%
Magic:  1/34       EV: 16    Int: 24    God:    Sif Muna [******]
Gold:   0          SH:  0    Dex: 15    Spells: 7/45 levels left

rFire    . . .     SeeInvis .   a - +2 rapier (elec)
rCold    . . .     Faith    .   (no shield)
rNeg     . . .     Spirit   .   u - +5 ring mail
rPois    .         Reflect  .   (no helmet)
rElec    .         Harm     .   t - +0 cloak
rCorr    .         Rampage  .   s - +0 pair of gloves
MR       +....     NoTele   +   (no boots)
Stlth    +++.......             (no amulet)
HPRegen  0.20/turn              e - +3 ring of strength
MPRegen  0.24/turn              l - +3 ring of evasion

@: no status effects
A: no striking features
a: Channel Magic, Forget Spell, Divine Exegesis, Renounce Religion


You were in the Dungeon.
You worshipped Sif Muna.
Sif Muna was exalted by your worship.
You visited 1 branch

Inventory:

Hand Weapons
 a - a +2 rapier of electrocution (weapon)
 b - the +2 scimitar of Allo {pain, Int+3}
   (You found it in the Dungeon)

   In the hands of one skilled in necromantic magic, it inflicts extra damage on
   living creatures.
   It affects your intelligence (+3).
 q - a +2 dagger
 r - a +1 dagger of venom
Armour
 m - a +0 robe
 n - a +0 buckler
 s - a +0 pair of gloves (worn)
 t - a +0 cloak (worn)
 u - a +5 ring mail (worn)
Jewellery
 e - a +3 ring of strength (left hand)
 l - a +3 ring of evasion (right hand)
Scrolls
 j - 3 scrolls of remove curse
 k - 4 scrolls of amnesia
Potions
 c - 5 potions of curing
 d - 7 potions of heal wounds
 f - a potion of magic
 g - 4 potions of berserk rage
 o - a potion of haste
 p - a potion of brilliance


   Skills:
 + Level 4.6 Fighting
 + Level 6.4(7.3) Short Blades
 + Level 4.6(6.0) Long Blades
 * Level 8.2 Armour
 + Level 6.9 Dodging
 - Level 8.7 Stealth
 + Level 17.5 Spellcasting
 + Level 12.1 Conjurations
 + Level 4.3 Hexes
   Level 3.6 Summonings
 + Level 3.5 Translocations
 + Level 14.3 Fire Magic
 + Level 5.7 Air Magic
 + Level 4.2 Earth Magic
 - Level 3.5 Poison Magic
 - Level 6.3 Invocations


You had 7 spell levels left.
You knew the following spells:

 Your Spells              Type           Power        Failure   Level
a - Foxfire               Conj/Fire      ####         1%          1
b - Conjure Flame         Conj/Fire      ######..     1%          3
c - Sticky Flame          Conj/Fire      ######..     1%          4
d - Fireball              Conj/Fire      ######....   1%          5
e - Inner Flame           Hex/Fire       ######..     1%          3
f - Mephitic Cloud        Conj/Pois/Air  ######..     1%          3
g - Iskenderun's Mystic   Conj/Tloc      ######..     2%          4
h - Stone Arrow           Conj/Erth      ######       1%          3
i - Iskenderun's Battles  Conj           ######..     1%          5
j - Blink                 Tloc           N/A          2%          2
k - Bolt of Magma         Conj/Fire/Erth ######....   2%          5

Your spell library contained the following spells:

 Spells                   Type           Power        Failure   Level
 Apportation              Tloc           #####.       1%          1
 Corona                   Hex            #####..      1%          1
 Magic Dart               Conj           ####         1%          1
 Shock                    Conj/Air       ####         1%          1
 Summon Small Mammal      Summ           ####         1%          1
 Poisonous Vapours        Pois/Air       #####.       1%          2
 Searing Ray              Conj           ######       1%          2
 Dazzling Flash           Conj/Hex       ######       1%          3
 Ignite Poison            Fire/Tmut/Pois #####...     1%          3
 Fulminant Prism          Conj/Hex       ######....   1%          4
 Confusing Touch          Hex            #####...     3%          3
 Summon Guardian Golem    Hex/Summ       #####...     3%          3
 Gell's Gravitas          Tloc           #####.....   4%          3
 Lesser Beckoning         Tloc           #####.....   4%          3
 Teleport Other           Tloc           #####...     4%          3
 Lightning Bolt           Conj/Air       ######....   4%          5
 Starburst                Conj/Fire      ######....   4%          6
 Animate Skeleton         Necr           ###...       6%          1
 Olgreb's Toxic Radiance  Pois           #####...     14%         4
 Passage of Golubria      Tloc           N/A          14%         4
 Irradiate                Conj/Tmut      ######....   14%         5
 Silence                  Hex/Air        #####.....   22%         5
 Conjure Ball Lightning   Conj/Air       ######....   24%         6
 Summon Demon             Summ           #####.....   36%         5
 Alistair's Intoxication  Tmut/Pois      ####.....    63%         5
 Freezing Cloud           Conj/Ice/Air   #####.....   63%         6
 Death Channel            Necr           ###.......   100%        6
 Haunt                    Necr/Summ      ####......   100%        7
 Monstrous Menagerie      Summ           #####.....   100%        7
 Summon Greater Demon     Summ           #####.....   100%        7
 Ignition                 Fire           ######....   73%         8
 Discord                  Hex            #####.....   100%        8
 Fire Storm               Conj/Fire      ######....   100%        9


Dungeon Overview and Level Annotations

Branches:
Dungeon (1/1)

Altars:
Ashenzari
Cheibriados
Dithmenos
Elyvilon
Fedhas
Gozag
Hepliaklqana
Kikubaaqudgha
Makhleb
Nemelex Xobeh
Okawaru
Qazlal
Ru
Sif Muna
Trog
Uskayaw
Vehumet
Wu Jian
Xom
Yredelemnul
Zin
The Shining One
Beogh
Jiyva
Lugonu


Message History

a +4 scimitar of flaming; a cursed +0 robe The boulder beetle hits you!!
Ouch! That really hurt!
* * * LOW HITPOINT WARNING * * *
The boulder beetle stops rolling and uncurls.
Press: ? - help, v - describe, . - travel
Here: a boulder beetle (heavily wounded)
The floor.
Unknown command.
Unknown command.
Okay, then.
Okay, then.
Casting: Blink (safe; 2% risk of failure)
Confirm with . or Enter, or press ? or * to list all spells.
You blink.
The boulder beetle curls into a ball and begins rolling!
Okay, then.
The boulder beetle hits you!!!
Ouch! That really hurt!
You die...

......# ......# '######
'############## ##########
.....#...'[.).###...##....##
...###.[.###...#...##......#
.÷##)')..'.##.....####....####
.##.[##'##..##..)##..##..##..##
.#..##...##..'..@#....G..°....#
)#..#..)).#..#..B#○..)#..#....##+
.'..'....÷'..'...○.T°............
.#.)#.....#.÷#...#....#..#....##+
.#..##..)##..'...#............#
.##.†##'##..##...##..##..##..##
..##.'...'.##.....####....####
...###...###...#...##......#
.....#...'....###...##....##


You could see a boulder beetle.

Vanquished Creatures
  Saint Roka (D)
  A hydra (D)
  A boulder beetle (D)
  Erica (D)
  A shadow wraith (D)
  An unseen horror (D)
  An orc sorcerer (D)
  A cyclops (D)
  A molten gargoyle (D)
  An orange demon (D)
  A hellwing (D)
  3 red devils (D)
  A jumping spider (D)
  A merfolk (D)
  7 dream sheep (D)
  4 blink frogs (D)
  A flying skull (D)
  A redback (D)
  A wyvern (D)
  A ynoxinul (D)
  A fire bat (D)
  A fire elemental (D)
  A steam dragon (D)
  A warg (D)
  A black bear (D)
  2 orc warriors (D)
  A sky beast (D)
  3 wolves (D)
  An ogre (D)
  3 centaurs (D)
  2 gnoll sergeants (D)
  2 bullfrogs (D)
  A scorpion (D)
  3 killer bees (D)
  A gnoll shaman (D)
  A jelly (D)
  An orc priest (D)
  2 iron imps (D)
  An orc wizard (D)
  An iguana (D)
  Terence (D)
  3 worker ants (D)
  14 gnolls (D)
  2 adders (D)
  An ufetubus (D)
  2 adder zombies (D)
  An adder skeleton (D)
  8 orcs (D)
  A bat (D)
  A frilled lizard (D)
  A quokka skeleton (D)
96 creatures vanquished.

Vanquished Creatures (others)
  A ghost moth (D)
  A tormentor (D)
  A golden eye (D)
  A mummy (D)
  A bat zombie (D)
  96 foxfires (D)
101 creatures vanquished.

Grand Total: 197 creatures vanquished

Notes
Turn   | Place    | Note
-------+----------+-------------------------------------------
     0 | D        | Conn the Deep Elf Fire Elementalist began the quest for the
                  | Orb.
     0 | D        | Reached XP level 1. HP: 10/10 MP: 6/6
    43 | D        | Found a bloodstained altar of Trog.
    43 | D        | Found a shimmering blue altar of Sif Muna.
    43 | D        | Found a viscous altar of Jiyva.
    43 | D        | Found a hazy altar of Hepliaklqana.
    43 | D        | Found an opulent altar of Gozag.
    44 | D        | Found a glowing golden altar of the Shining One.
    44 | D        | Found a glowing silver altar of Zin.
    44 | D        | Found a basalt altar of Yredelemnul.
    44 | D        | Found a shimmering altar of Xom.
    44 | D        | Found an ornate altar of the Wu Jian Council.
    44 | D        | Found a sacrificial altar of Ru.
    44 | D        | Found a stormy altar of Qazlal.
    44 | D        | Found an iron altar of Okawaru.
    44 | D        | Found a sparkling altar of Nemelex Xobeh.
    44 | D        | Found a burning altar of Makhleb.
    44 | D        | Found a blossoming altar of Fedhas.
    44 | D        | Found a white marble altar of Elyvilon.
    44 | D        | Found a shadowy altar of Dithmenos.
    44 | D        | Found a snail-covered altar of Cheibriados.
    45 | D        | Found a radiant altar of Vehumet.
    45 | D        | Found a corrupted altar of Lugonu.
    45 | D        | Found a roughly hewn altar of Beogh.
    46 | D        | Found an ancient bone altar of Kikubaaqudgha.
    46 | D        | Found a hide-covered altar of Uskayaw.
    46 | D        | Found a broken altar of Ashenzari.
    47 | D        | Became a worshipper of Sif Muna the Loreminder
    55 | D        | Noticed a worker ant
    72 | D        | Killed a worker ant
    72 | D        | Reached skill level 1 in Fighting
    72 | D        | Reached skill level 1 in Short Blades
    72 | D        | Reached skill level 4 in Spellcasting
    72 | D        | Reached skill level 5 in Fire Magic
    72 | D        | Reached XP level 2. HP: 16/16 MP: 7/9
    78 | D        | Reached * piety under Sif Muna
    78 | D        | Reached XP level 3. HP: 20/20 MP: 9/11
    85 | D        | Reached skill level 5 in Spellcasting
    90 | D        | Learned a level 3 spell: Conjure Flame
   100 | D        | Reached ** piety under Sif Muna
   102 | D        | Noticed a black bear
   111 | D        | Reached XP level 4. HP: 15/25 MP: 7/13
   119 | D        | Killed a black bear
   119 | D        | Reached skill level 6 in Spellcasting
   119 | D        | Reached XP level 5. HP: 10/30 MP: 5/16
   355 | D        | Learned a level 4 spell: Sticky Flame
   361 | D        | Learned a level 5 spell: Fireball
   365 | D        | Learned a level 3 spell: Inner Flame
   385 | D        | Noticed a centaur
   385 | D        | Noticed a flying skull
   392 | D        | Reached skill level 7 in Spellcasting
   415 | D        | Reached *** piety under Sif Muna
   418 | D        | Reached XP level 6. HP: 35/35 MP: 2/18
   427 | D        | Killed a flying skull
   427 | D        | Reached skill level 5 in Dodging
   427 | D        | Reached skill level 8 in Spellcasting
   437 | D        | Reached **** piety under Sif Muna
   437 | D        | Reached skill level 5 in Short Blades
   437 | D        | Reached skill level 9 in Spellcasting
   437 | D        | Reached skill level 10 in Fire Magic
   437 | D        | Reached XP level 7. HP: 31/40 MP: 4/21
   853 | D        | Killed a shadow wraith
   853 | D        | Reached ***** piety under Sif Muna
   853 | D        | Reached skill level 10 in Spellcasting
   853 | D        | Reached XP level 8. HP: 32/46 MP: 14/24
   855 | D        | Identified Sif Muna's Papyrus of Nocuous Calling (Sif Muna
                  | gifted it to you in the Dungeon)
   855 | D        | Received a gift from Sif Muna
   863 | D        | Learned a level 3 spell: Mephitic Cloud
   869 | D        | Learned a level 5 spell: Summon Demon
   908 | D        | Noticed Terence
   910 | D        | Killed Terence
   919 | D        | Reached skill level 1 in Summonings
   950 | D        | Noticed a cyclops
   957 | D        | Reached skill level 1 in Air Magic
   957 | D        | Reached skill level 1 in Poison Magic
   983 | D        | Identified Sif Muna's Catalogue of Harmful Intoxication
                  | (Sif Muna gifted it to you in the Dungeon)
   983 | D        | Received a gift from Sif Muna
  1003 | D        | Reached skill level 11 in Spellcasting
  1265 | D        | Killed a cyclops
  1265 | D        | Reached skill level 5 in Invocations
  1265 | D        | Killed a ghost moth
  1347 | D        | Got the +2 scimitar of Allo {pain, Int+3}
  1452 | D        | Noticed a red devil
  1580 | D        | Killed a red devil
  1580 | D        | Reached skill level 1 in Hexes
  1758 | D        | Noticed a dream sheep
  1758 | D        | Noticed a dream sheep
  1758 | D        | Noticed a dream sheep
  1759 | D        | Noticed a dream sheep
  1759 | D        | Noticed a dream sheep
  1759 | D        | Noticed a dream sheep
  1760 | D        | Noticed a dream sheep
  1772 | D        | Killed a dream sheep
  1772 | D        | Received a gift from Sif Muna
  1772 | D        | Reached skill level 1 in Armour
  1772 | D        | Reached XP level 9. HP: 16/51 MP: 21/26
  1773 | D        | Reached skill level 12 in Spellcasting
  1773 | D        | Reached skill level 1 in Long Blades
  2008 | D        | Identified Sif Muna's Handbook of Conjuration (Sif Muna
                  | gifted it to you in the Dungeon)
  2008 | D        | Received a gift from Sif Muna
  2134 | D        | Killed a tormentor
  2167 | D        | Learned a level 3 spell: Stone Arrow
  2173 | D        | Learned a level 5 spell: Iskenderun's Battlesphere
  2175 | D        | Noticed a red devil
  2181 | D        | Killed a red devil
  2198 | D        | Noticed a hellwing
  2204 | D        | Killed a hellwing
  2204 | D        | Reached skill level 13 in Spellcasting
  2313 | D        | Reached skill level 1 in Earth Magic
  2313 | D        | Identified Sif Muna's Incunabulum of Attacks (Sif Muna
                  | gifted it to you in the Dungeon)
  2313 | D        | Received a gift from Sif Muna
  2324 | D        | Learned a level 4 spell: Iskenderun's Mystic Blast
  2330 | D        | Noticed Saint Roka
  2353 | D        | Noticed a merfolk
  2357 | D        | Noticed an orc sorcerer
  2362 | D        | Noticed a jumping spider
  2581 | D        | Noticed a sun demon
  2584 | D        | Killed an orc sorcerer
  2584 | D        | Reached ****** piety under Sif Muna
  2584 | D        | Reached XP level 10. HP: 34/56 MP: 4/29
  2584 | D        | Received a gift from Sif Muna
  2602 | D        | Killed Saint Roka
  2602 | D        | Reached skill level 15 in Spellcasting
  2602 | D        | Reached skill level 10 in Conjurations
  2602 | D        | Reached skill level 1 in Translocations
  2602 | D        | Reached skill level 5 in Air Magic
  2885 | D        | Learned a level 2 spell: Blink
  2891 | D        | Learned a level 5 spell: Bolt of Magma
  2891 | D        | Noticed an orange demon
  2894 | D        | Killed an orange demon
  2894 | D        | Reached skill level 16 in Spellcasting
  2894 | D        | Reached XP level 11. HP: 60/60 MP: 23/33
  3063 | D        | Identified Sif Muna's Tome of Unholy Magic and Creation
                  | (Sif Muna gifted it to you in the Dungeon)
  3063 | D        | Received a gift from Sif Muna
  3202 | D        | Noticed a boulder beetle
  3215 | D        | Killed a boulder beetle
  3217 | D        | Received a gift from Sif Muna
  3447 | D        | Identified Sif Muna's Handbook of Burning Malediction (Sif
                  | Muna gifted it to you in the Dungeon)
  3447 | D        | Received a gift from Sif Muna
  3453 | D        | Noticed an eight-headed hydra
  3457 | D        | Killed an eight-headed hydra
  3457 | D        | Reached skill level 17 in Spellcasting
  3660 | D        | Noticed Erica
  3664 | D        | Noticed an unseen horror
  3668 | D        | Killed an unseen horror
  3669 | D        | Killed Erica
  3669 | D        | Identified Sif Muna's Incunabulum of Destructive
                  | Weightlessness (Sif Muna gifted it to you in the Dungeon)
  3669 | D        | Received a gift from Sif Muna
  3678 | D        | Noticed a boulder beetle
  3694 | D        | Annihilated by a boulder beetle

Illustrated notes

Levels and vault maps discovered:
D:        pitsprint [storerooms_1, entrance_room_1, metal_vault_6, armoury_2,
          mini_pit_1, grid_room_1, main_hall_1, silver_pit, the_coven_3,
          the_vestibule_1, steel_vault_1, golden_pit, hallway_of_sentries,
          crystal_vault_3, iron_vault_4, final_vault]

Skill      XL: |  1  2  3  4  5  6  7  8  9 10 11 |
---------------+----------------------------------+-----
Fire Magic     | 5 6 8 9 10 11 12 13 14 | 14.3
Fighting       | 1 2 3 4 |  4.6
Short Blades   | 1 2 3 4 5 6 |  6.4
Dodging        | 3 4 5 6 |  6.9
Stealth        | 3 4 6 7 8 |  8.7
Spellcasting   | 4 5 6 7 9 10 11 13 16 17 | 17.5
Conjurations   | 2 4 6 7 9 10 12 | 12.1
Invocations    | 4 5 6 |  6.3
Summonings     | 3 |  3.6
Air Magic      | 2 4 5 |  5.7
Poison Magic   | 3 |  3.5
Hexes          | 1 4 |  4.3
Armour         | 1 4 6 8 |  8.2
Long Blades    | 2 4 |  4.6
Earth Magic    | 1 3 4 |  4.2
Translocations | 1 3 |  3.5

Action                   |  1- 3 |  4- 6 |  7- 9 | 10-12 || total
-------------------------+-------+-------+-------+-------++-------
Melee: Dagger            |    21 |     4 |     7 |       ||    32
       Scimitar          |       |       |    25 |    24 ||    49
       Rapier            |       |       |       |     7 ||     7
 Cast: Foxfire           |    10 |    11 |    16 |    18 ||    55
       Sticky Flame      |       |     1 |     7 |     1 ||     9
       Conjure Flame     |       |     1 |     4 |     1 ||     6
       Inner Flame       |       |     1 |     5 |     1 ||     7
       Fireball          |       |     1 |    10 |    10 ||    21
       Mephitic Cloud    |       |       |    19 |    13 ||    32
       Stone Arrow       |       |       |     7 |     8 ||    15
       Iskenderun's Batt |       |       |     2 |     3 ||     5
       Iskenderun's Myst |       |       |       |    12 ||    12
       Bolt of Magma     |       |       |       |     4 ||     4
       Blink             |       |       |       |     5 ||     5
Invok: Channel Magic     |       |       |       |     2 ||     2
  Use: Potion            |     2 |     3 |     7 |     4 ||    16
       Scroll            |       |       |     3 |       ||     3
 Stab: Sleeping          |     3 |       |     3 |     1 ||     7
       Invisible         |     1 |       |       |       ||     1
       Confused          |       |       |       |     5 ||     5
Armor: Robe              |     4 |     1 |     1 |       ||     6
       Ring mail         |       |       |    17 |    19 ||    36
Dodge: Dodged            |    25 |     7 |    34 |    28 ||    94
       Rpst.: Scimitar   |       |       |     1 |     5 ||     6

Table legend: (Time is in decaauts)
 A = Elapsed time spent in this place.
 B = Non-inter-level travel time spent in this place.
 C = Inter-level travel time spent in this place.
 D = Time resting spent in this place.
 E = Time spent auto-exploring this place.
 F = Levels seen in this place.
 G = Mean time per level.
                   A        B        C        D        E       F      G
               +--------+--------+--------+--------+--------+-----+--------+
         Total |   3698 |   3698 |      0 |   2259 |      3 |   1 | 3698.0 |
       Dungeon |   3698 |   3698 |      0 |   2259 |      3 |   1 | 3698.0 |
               +--------+--------+--------+--------+--------+-----+--------+

Top non-repeatable levels by time:
       D: 3698 daAuts
